 Dungeon Crawl Stone Soup version 0.29.1-1-gd02db6906a (webtiles) character file.

Game seed: 13606971129014561340

43 LustLizard the Slasher (level 3, -7/28 HPs)
             Began as a Human Gladiator on Oct 12, 2022.
             Mangled by a gnoll
             ... wielding a +0 halberd
              (13 damage)
             ... on level 2 of the Dungeon.
             The game lasted 00:01:25 (1314 turns).

LustLizard the Slasher (Human Gladiator)            Turns: 1314, Time: 00:01:25

Health: -7/28      AC:  4    Str: 14    XL:     3   Next: 82%
Magic:  3/3        EV: 12    Int:  8    God:
Gold:   58         SH:  0    Dex: 16    Spells: 2/2 levels left

rFire   . . .      SeeInvis .   j - +3 short sword
rCold   . . .      Faith    .   (no shield)
rNeg    . . .      Spirit   .   b - +0 leather armour
rPois   .          Reflect  .   c - +0 helmet
rElec   .          Harm     .   (no cloak)
rCorr   .          Rampage  .   (no gloves)
Will    .....                   (no boots)
Stlth   +.........              (no amulet)
HPRegen 0.09/turn               (no ring)
MPRegen 0.08/turn               (no ring)

@: lethally poisoned (-7 -> -11)
A: no striking features
a: no special abilities


You were on level 2 of the Dungeon.
You visited 1 branch of the dungeon, and saw 2 of its levels.

You collected 58 gold pieces.

Inventory:

Hand Weapons
 a - a +0 long sword
 j - a +3 short sword (weapon)
Missiles
 d - 3 throwing nets
 e - a javelin
 i - 24 stones (quivered)
Armour
 b - a +0 leather armour (worn)
 c - a +0 helmet (worn)
Jewellery
 h - a ring of ice
Scrolls
 f - a scroll of teleportation {unknown}
 k - a scroll of immolation {unknown}
Potions
 g - 3 potions of invisibility {unknown}
 l - a potion of curing {unknown}
 m - 2 potions of cancellation {unknown}


   Skills:
 + Level 2.4 Fighting
 * Level 3.5 Long Blades
 * Level 2.6 Throwing
 + Level 3.2 Dodging


You had 2 spell levels left.
You didn't know any spells.
Your spell library was empty.

Dungeon Overview and Level Annotations

Branches:
Dungeon (2/15)

Altars:


Message History

The jackal bites you.
You hit the jackal.
You kill the jackal!
The jackal bites you but does no damage.
The jackal closely misses you.
You hit the jackal.
The jackal is heavily wounded.
The jackal barely misses you.
You hit the jackal.
You kill the jackal!
No target in view!
No target in view!
HP restored.
A gnoll comes into view. It is wielding a +0 halberd.
Found a club.
A gnoll is nearby!
The gnoll shouts!
A gnoll comes into view. It is wielding a +0 halberd.
The gnoll shouts!
You hear a shout!
An adder comes into view.
A gnoll comes into view. It is wielding a +0 spear.
The gnoll moves out of view.
Found a scroll labelled ARIOTAENOI.
The adder hisses angrily.
The gnoll closely misses you. The gnoll hits you with a +0 halberd!
The gnoll attacks as you move away! The gnoll closely misses you.
The gnoll hits you from afar with a +0 halberd.
The adder attacks as you move away! The adder closely misses you.
The adder attacks as you move away! The adder bites you.
* * * LOW HITPOINT WARNING * * *
The adder barely misses you. The adder attacks as you move away!
The adder closely misses you. x2
There is a stone staircase leading up here.
The adder bites you.
* * * LOW HITPOINT WARNING * * *
You are poisoned.
The adder poisons you!
The gnoll hits you from afar with a +0 halberd!
You die...

..#.....###g#
...........#
............#
............#########
.##.....g#..........
##....g##.........
#####....#g..........
#........#S.........
#.........@.........
##..............###...
...............†......
..............#.......
..............#.......
##............#.......
#............#.......
#............#....###
#............#....#


You could see 3 gnolls and an adder.

Vanquished Creatures
  3 ball pythons (D:1)
  3 bats (D:1)
  2 endoplasms (D:1)
  5 giant cockroaches (D:1)
  5 goblins (D:1)
  4 jackals (D:2)
  7 kobolds (D:1)
  A quokka (D:1)
  2 frilled lizards (D:1)
  5 rats (D:1)
37 creatures vanquished.

Notes
Turn   | Place    | Note
-------+----------+-------------------------------------------
     0 | D:1      | LustLizard the Human Gladiator began the quest for the Orb.
     0 | D:1      | Reached XP level 1. HP: 16/16 MP: 1/1
    95 | D:1      | Reached XP level 2. HP: 22/22 MP: 2/2
   372 | D:1      | Reached XP level 3. HP: 25/27 MP: 3/3
  1314 | D:2      | Mangled by a gnoll

Illustrated notes

Levels and vault maps discovered:
D:1:      nicolae_arrival_washed_ashore, layout_basic, minmay_tetromino_l4
D:2:      layout_basic, basic_altar, hellmonk_ecumenical_altar_inner_sanctum

Action                   || total
-------------------------++-------
Melee: Long sword        ||    42
       Short sword       ||    61
       Punch             ||     2
 Stab: Sleeping          ||     2
Armor: Leather armour    ||    52
Dodge: Dodged            ||   108
